 Dungeon Crawl Stone Soup version 0.29-a0-1027-gcd8c55af63 (webtiles) character file.

Game seed: 10809220310950050837

11732 27heaven the Basher (level 11, -3/111 HPs)
             Began as an Ogre Berserker on Aug 12, 2022.
             Was an Elder of Trog.
             Slain by fly's ghost (14 damage)
             ... on level 10 of the Dungeon.
             The game lasted 00:34:18 (9437 turns).

27heaven the Basher (Ogre Berserker)                Turns: 9437, Time: 00:34:18

Health: -3/111     AC: 11    Str: 36    XL:     11   Next: 82%
Magic:  9/9        EV: 13    Int: 10    God:    Trog [****..]
Gold:   663        SH:  0    Dex: 23    Spells: 10/10 levels left

rFire   . . .      SeeInvis +   K - +10 flail "Sawiotum" {protect, rN+ Int+4 Dex+6 Stlth-}
rCold   . . .      Faith    .   (no shield)
rNeg    + . .      Spirit   .   u - +0 robe of the Vanishing Friars {Contam Regen+ Str+6}
rPois   .          Reflect  .   (helmet restricted)
rElec   +          Harm     .   A - +0 cloak
rCorr   .          Rampage  .   (gloves unavailable)
Will    +++..                   (boots unavailable)
Stlth   +.........              (no amulet)
HPRegen 2.08/turn               D - +6 ring of dexterity
MPRegen 0.11/turn               G - ring of see invisible

@: about to teleport, strong-willed, under a protective aura, on berserk
cooldown, regenerating, slowed, very slow
A: large, unfitting armour, tough skin 1, horns 1, agile 1, low MP 1,
electricity resistance, strong 1
a: Renounce Religion, Berserk, Trog's Hand, Brothers in Arms


You were on level 10 of the Dungeon.
You worshipped Trog.
Trog was greatly pleased with you.
You visited 2 branches of the dungeon, and saw 11 of its levels.
You also visited: Ossuary.

You collected 685 gold pieces.
You spent 22 gold pieces at shops.

Inventory:

Hand Weapons
 a - a +0 mace
 k - a +0 giant spiked club
 s - a +0 vampiric whip
 y - a +0 giant club
 z - a +0 great mace
 K - the +10 flail "Sawiotum" (weapon) {protect, rN+ Int+4 Dex+6 Stlth-}
   (You took it off a wight on level 8 of the Dungeon)

   It grants its wielder temporary protection when it strikes (+7 to AC).
   Int:       It affects your intelligence (+4).
   Dex:       It affects your dexterity (+6).
   rN:        It protects you from negative energy.
   Stlth:     It makes you less stealthy.
Armour
 u - the +0 robe of the Vanishing Friars (worn) {Contam Regen+ Str+6}
   (You found it on level 3 of the Dungeon)

   Str:       It affects your strength (+6).
   Contam:    It causes magical contamination when unequipped.
   Regen:     It increases your rate of health regeneration.
 A - a +0 cloak (worn)
Jewellery
 w - a ring of magical power
 D - a +6 ring of dexterity (left hand)
 G - a ring of see invisible (right hand)
 H - a ring of fire
Wands
 o - a wand of iceblast (16)
 x - a wand of polymorph (14)
 C - a wand of light (28)
 E - a wand of flame (49)
 M - a wand of mindburst (5)
Scrolls
 b - 2 scrolls of enchant weapon
 c - 4 scrolls of immolation {unknown}
 d - 10 scrolls of poison
 e - 4 scrolls of enchant armour
 l - 3 scrolls of teleportation
 m - a scroll of magic mapping
 r - 5 scrolls of fear
 t - a scroll of amnesia
 v - 3 scrolls of brand weapon
 B - a scroll of vulnerability
Potions
 f - 4 potions of flight {unknown}
 g - 2 potions of attraction {unknown}
 h - 9 potions of curing {unknown}
 i - 3 potions of might {unknown}
 j - 4 potions of resistance
 n - a potion of lignification {unknown}
 p - 5 potions of berserk rage {unknown}
 q - 4 potions of heal wounds
 F - a potion of mutation
 J - a potion of haste {unknown}
 L - a potion of brilliance {unknown}
 N - 2 potions of degeneration {unknown}


   Skills:
 * Level 8.0 Fighting
 + Level 14.8 Maces & Flails
 * Level 4.1 Armour
 * Level 5.5 Dodging


You had 10 spell levels left.
You didn't know any spells.
Your spell library was empty.

Dungeon Overview and Level Annotations

Branches:
Dungeon (10/15)            Temple (0/1) D:5            Lair (1/5) D:8
Ossuary (visited)
    Orc: D:9-12

Altars:
Ashenzari
Fedhas
Ru
Sif Muna
Trog
Xom
The Shining One

Shops:
D:6 (   D:9 *   D:10 ?

Annotations:
D:10 fly's ghost, journeyman DgDe


Innate Abilities, Weirdness & Mutations

You are too large for most types of armour.
You have tough skin. (AC +1)
You have a pair of small horns on your head.
You are agile. (Dex +4, Str/Int -1)
Your magical capacity is low. (-10% MP)
You are resistant to electric shocks. (rElec)
Your muscles are strong. (Str +4, Int/Dex -1)


Message History

The orc warrior hits you from afar with a +0 halberd!!
Fly's ghost shouts, "You will join me soon!"
Fly's ghost hits you! Fly's ghost burns you.
You miss fly's ghost. You barely miss fly's ghost.
Your headbutt misses fly's ghost. The orc warrior closely misses you.
Fly's ghost hits you. Fly's ghost burns you.
You barely miss fly's ghost. You hit fly's ghost but do no damage.
Your headbutt misses fly's ghost. The orc warrior barely misses you.
Fly's ghost hits you! Fly's ghost burns you.
You closely miss fly's ghost.
The orc warrior hits you from afar with a +0 halberd.
Fly's ghost hits you! Fly's ghost burns you.
Things that are here:
a +0 giant club; a +0 giant spiked club You feel a strong urge to attack something.
The orc warrior completely misses you.
Fly's ghost says, "I have seen your future, and it is all used up."
Fly's ghost hits you! Fly's ghost burns you.
There is an open translucent gate, spattered with blood here.
You sock the orc warrior!
The orc warrior is heavily wounded.
You are no longer berserk.
You are exhausted.
You feel yourself slow down.
You hit the orc warrior.
The orc warrior is severely wounded.
The orc warrior drinks a potion.
The orc warrior is healed!
Fly's ghost hits you! Fly's ghost burns you.
Unknown command.
As you read the scroll of teleportation, it crumbles to dust.
You feel strangely unstable. The orc warrior barely misses you.
Fly's ghost hits you!
* * * LOW HITPOINT WARNING * * *
Fly's ghost burns you!
* * * LOW HITPOINT WARNING * * *
The orc warrior hits you with a +0 halberd!
* * * LOW HITPOINT WARNING * * *
Fly's ghost hits you!
You die...

.....#..#####.#.........#...#####
.....#'##.....#.........#...'....
..............#.........#...#....
..............#.........+...#....
..............##+####...#...###'#
....................#.###....<...
.................................
#................)......#+######.
#..#######..###'@W###...'......#.
#..#.....'..#....o..#...#......#+
#..#.....#..#.......#...#........
#..#.....#..#..#.#..#...#........
...#.....#..#.#...#.#...#........
...#####'...#..#.#..#...#########
............#..??...#............
.......>....#.......#............
...###+###..#########..###.......


You could see an orc warrior and fly's ghost.

Vanquished Creatures
  Erica (D:10)
  5 two-headed ogres
  A troll (D:10)
  Grinder (D:4)
  3 vampires
  Sigmund (D:3)
  2 wraiths
  9 yaks
  Eustachio (D:3)
  3 steam dragons
  A wyvern (D:10)
  Grum (D:9)
  3 water moccasins
  3 orc warriors
  A sky beast (D:7)
  2 black bears
  3 wolves (D:9)
  2 ogres
  2 centaurs
  2 phantoms
  Blork the orc (D:4)
  2 kobold brigands
  A gnoll sergeant (D:7)
  2 necrophages
  A bullfrog (D:7)
  25 wights
  6 killer bees
  9 howler monkeys
  A human zombie (Ossuary)
  A jelly (D:4)
  2 gnoll boudas
  A hound (D:7)
  An orc priest (D:9)
  Crazy Yiuf (D:4)
  2 iguanas (D:6)
  Terence (D:3)
  8 orc wizards
  Natasha (D:3)
  A hound zombie (Ossuary)
  4 mummies (Ossuary)
  Robin (D:2)
  8 gnolls
  10 adders
  2 shadow imps
  3 white imps
  2 ufetubi
  5 worms (D:5)
  15 dart slugs
  20 orcs
  2 endoplasms
  5 giant cockroaches
  A gnoll zombie (Ossuary)
  15 goblins
  9 hobgoblins
  2 jackals (D:3)
  5 quokkas
  7 ball pythons
  8 bats
  9 frilled lizards
  A goblin zombie (Ossuary)
  2 hobgoblin zombies (Ossuary)
  2 jackal zombies (Ossuary)
  6 kobolds
  2 kobold zombies (Ossuary)
  An orc zombie (Ossuary)
  10 rats
  A rat zombie (Ossuary)
272 creatures vanquished.

Vanquished Creatures (others)
  A yak (D:8)
  7 fungi (D:3)
  2 plants (D:1)
10 creatures vanquished.

Grand Total: 282 creatures vanquished

Notes
Turn   | Place    | Note
-------+----------+-------------------------------------------
     0 | D:1      | 27heaven the Ogre Berserker began the quest for the Orb.
     0 | D:1      | Reached XP level 1. HP: 24/24 MP: 1/1
    72 | D:1      | Reached skill level 3 in Maces & Flails
   191 | D:1      | Reached XP level 2. HP: 31/32 MP: 2/2
   629 | D:1      | Reached XP level 3. HP: 34/39 MP: 3/3
   962 | D:1      | Found a faded altar of an unknown god.
  1235 | D:2      | Reached skill level 4 in Maces & Flails
  1236 | D:2      | Reached ** piety under Trog
  1509 | D:2      | Reached XP level 4. HP: 48/48 MP: 4/4
  1592 | D:2      | Noticed Robin
  1607 | D:2      | Killed Robin
  1892 | D:3      | Reached skill level 5 in Maces & Flails
  1911 | D:3      | Reached XP level 5. HP: 35/54 MP: 5/5
  1951 | D:3      | Identified the +0 robe of the Vanishing Friars {Contam
                  | Regen+ Str+6}
  1993 | D:3      | Noticed Sigmund
  2012 | D:3      | Killed Sigmund
  2013 | D:3      | Reached skill level 6 in Maces & Flails
  2013 | D:3      | Reached XP level 6. HP: 59/62 MP: 6/6
  2186 | D:3      | Noticed Terence
  2191 | D:3      | Killed Terence
  2315 | D:3      | Noticed Natasha
  2320 | D:3      | Killed Natasha
  2643 | D:4      | Noticed Blork the orc
  2647 | D:4      | Noticed Eustachio
  2787 | D:4      | Found a sand-covered staircase.
  2799 | Ossuary  | Entered an ossuary
  2883 | Ossuary  | Reached skill level 7 in Maces & Flails
  2883 | Ossuary  | Reached XP level 7. HP: 58/70 MP: 7/7
  3316 | D:4      | Found a runed translucent door.
  3317 | D:4      | Noticed Crazy Yiuf
  3477 | D:4      | Reached *** piety under Trog
  3557 | D:4      | Noticed Grinder
  3700 | D:3      | Killed Eustachio
  3753 | D:4      | Killed Blork the orc
  3754 | D:4      | Reached skill level 8 in Maces & Flails
  3831 | D:4      | Killed Grinder
  3832 | D:4      | Reached XP level 8. HP: 78/78 MP: 8/8
  4372 | D:4      | Killed Crazy Yiuf
  4418 | D:5      | Entered Level 5 of the Dungeon
  4453 | D:5      | Found a sacrificial altar of Ru.
  4463 | D:5      | Gained mutation: You are frail. (-10% HP) [potion of
                  | mutation]
  4463 | D:5      | Gained mutation: You are resistant to electric shocks.
                  | (rElec) [potion of mutation]
  4463 | D:5      | Gained mutation: You have a pair of small horns on your
                  | head. [potion of mutation]
  4464 | D:5      | Lost mutation: You have a pair of small horns on your head.
                  | [potion of mutation]
  4464 | D:5      | Lost mutation: You are frail. (-10% HP) [potion of
                  | mutation]
  4464 | D:5      | Gained mutation: You are agile. (Dex +4, Str/Int -1)
                  | [potion of mutation]
  4464 | D:5      | Gained mutation: Your muscles are strong. (Str +4, Int/Dex
                  | -1) [potion of mutation]
  4464 | D:5      | Gained mutation: Your magical capacity is low. (-10% MP)
                  | [potion of mutation]
  4464 | D:5      | Gained mutation: You have a pair of small horns on your
                  | head. [potion of mutation]
  4484 | D:5      | Reached skill level 9 in Maces & Flails
  4602 | D:5      | Found a staircase to the Ecumenical Temple.
  4791 | D:5      | Found a shimmering blue altar of Sif Muna.
  5130 | D:5      | Noticed a moth of wrath
  5133 | D:5      | Found a bloodstained altar of Trog.
  5382 | D:6      | Reached skill level 10 in Maces & Flails
  5471 | D:6      | Reached XP level 9. HP: 73/84 MP: 8/8
  5519 | D:6      | Found Xiabaim's Weapon Emporium.
  5785 | D:6      | Reached skill level 11 in Maces & Flails
  6332 | D:7      | Found a broken altar of Ashenzari.
  6356 | D:7      | Found a blossoming altar of Fedhas.
  6607 | D:7      | Reached skill level 12 in Maces & Flails
  6850 | D:8      | Noticed a two-headed ogre
  6883 | D:8      | Found a shimmering altar of Xom.
  6964 | D:8      | Reached XP level 10. HP: 92/92 MP: 9/9
  6969 | D:8      | Reached skill level 13 in Maces & Flails
  7011 | D:8      | Noticed a two-headed ogre
  7018 | D:8      | Killed a two-headed ogre
  7268 | D:8      | Killed a two-headed ogre
  7269 | D:8      | Reached skill level 14 in Maces & Flails
  7385 | D:8      | Identified the +10 flail "Sawiotum" {protect, rN+ Int+4
                  | Dex+6 Stlth-}
  7399 | D:8      | Noticed a two-headed ogre
  7413 | D:8      | Killed a two-headed ogre
  7414 | D:8      | Reached skill level 1 in Armour
  7465 | D:8      | Found a glowing golden altar of the Shining One.
  7482 | D:8      | Reached skill level 5 in Fighting
  7482 | D:8      | Reached XP level 11. HP: 102/102 MP: 9/9
  7623 | D:8      | Found a staircase to the Lair.
  7735 | D:8      | Noticed a two-headed ogre
  7747 | D:8      | Killed a two-headed ogre
  7953 | Lair:1   | Entered Level 1 of the Lair of Beasts
  8005 | D:9      | Noticed Grum
  8013 | D:9      | Reached **** piety under Trog
  8021 | D:9      | Killed Grum
  8109 | D:9      | Found Losefob's Demolitions Depot.
  8665 | D:10     | Entered Level 10 of the Dungeon
  8874 | D:10     | Noticed Erica
  8883 | D:10     | Killed Erica
  8884 | D:10     | Reached skill level 5 in Dodging
  8984 | D:10     | Found a runed translucent gate.
  8984 | D:10     | Found a runed translucent gate.
  8984 | D:10     | Noticed fly's ghost (journeyman DgDe)
  8988 | D:10     | Noticed a two-headed ogre
  9000 | D:10     | Found a runed translucent gate.
  9017 | D:10     | Found Fojaenef's Magic Scroll Shop.
  9025 | D:10     | Bought a scroll of identify for 22 gold pieces
  9426 | D:10     | Killed a two-headed ogre
  9437 | D:10     | Slain by fly's ghost

Illustrated notes

Levels and vault maps discovered:
D:1:      amcnicky_arrival_gap_in_the_tavern_cellar, layout_rooms,
          chequers_ecumenical_altar_lobes
D:2:      layout_basic, grunt_ministairs_7, minmay_misc_feat_more_columns,
          uniq_robin
D:3:      layout_loops_ring, grunt_ministairs_9, st_stairs_9,
          dreamdust_mushroom_princess, uniq_sigmund, uniq_terence, uniq_natasha
D:4:      kennysheep_slugbush, layout_layer_cave, nicolae_ossuary_entry_ruins,
          uniq_crazy_yiuf_cottage, uniq_eustachio, uniq_blork_the_orc,
          uniq_grinder
D:5:      layout_basic, mainiacjoe_overflow_small_starburst,
          nicolae_sif_muna_condensation, tgw_trog, minmay_temple_entry_trees,
          chequers_serial_rivers_small_b, minmay_liquid_box
D:6:      layout_cave_pools, serial_shops, shop, minmay_pentangle
D:7:      layout_rooms, fedhas_altar_2, nicolae_ashenzari_skybound
D:8:      layout_loops_ring, xom_confusion_cloud, mainiacjoe_overflow_paths,
          lair_entry_dummy, minmay_misc_feat_enclosed
D:9:      layout_loops_cross, nicolae_blasting_shop, uniq_grum
D:10:     layout_irregular_city, gammafunk_ghost_split, serial_shops, shop,
          uniq_erica
Lair:1:   beast_lair_carwin_large_2, layout_regular_city, worms_lemuel,
          uniq_urug

Skill      XL: |  1  2  3  4  5  6  7  8  9 10 11 |
---------------+----------------------------------+-----
Maces & Flails | 3 4 5 6 7 8 10 12 14 | 14.8
Armour         | 1 4 |  4.1
Dodging        | 3 5 |  5.5
Fighting       | 5 8 |  8.0

Action                   |  1- 3 |  4- 6 |  7- 9 | 10-12 || total
-------------------------+-------+-------+-------+-------++-------
Melee: Mace              |   123 |   148 |    41 |       ||   312
       Punch             |     1 |     1 |       |     5 ||     7
       Great mace        |       |       |    73 |       ||    73
       Giant spiked club |       |       |   110 |       ||   110
       Headbutt          |       |       |    33 |    35 ||    68
       Giant club        |       |       |    53 |    69 ||   122
       Flail             |       |       |       |   156 ||   156
Invok: Berserk           |     2 |     6 |     9 |    10 ||    27
       Trog's Hand       |     1 |     5 |    11 |     4 ||    21
  Use: Scroll            |       |       |    13 |     3 ||    16
       Potion            |       |       |     2 |       ||     2
Armor: Animal skin       |    49 |    18 |       |       ||    67
       Robe              |       |    43 |    90 |    48 ||   181
Dodge: Dodged            |    68 |   132 |   204 |    85 ||   489

Table legend: (Time is in decaauts)
 A = Elapsed time spent in this place.
 B = Non-inter-level travel time spent in this place.
 C = Inter-level travel time spent in this place.
 D = Time resting spent in this place.
 E = Time spent auto-exploring this place.
 F = Levels seen in this place.
 G = Mean time per level.
                   A        B        C        D        E       F      G
               +--------+--------+--------+--------+--------+-----+--------+
         Total |   9749 |   9487 |    262 |    300 |   5281 |  12 |  812.4 |
       Dungeon |   9427 |   9165 |    262 |    273 |   5165 |  10 |  942.7 |
          Lair |      1 |      1 |      0 |      0 |      0 |   1 |    1.0 |
       Ossuary |    320 |    320 |      0 |     27 |    116 |   1 |  320.0 |
               +--------+--------+--------+--------+--------+-----+--------+

Top non-repeatable levels by time:
     D:4: 1390 daAuts
     D:1: 1133 daAuts
     D:8: 1132 daAuts
     D:3: 1058 daAuts
     D:5: 973 daAuts
     D:6: 944 daAuts
     D:9: 735 daAuts
    D:10: 708 daAuts
     D:2: 703 daAuts
     D:7: 647 daAuts
 Ossuary: 320 daAuts
  Lair:1: 1 daAuts
